 Dungeon Crawl Stone Soup version 0.20.1-1-g8b1a95d (webtiles) character file.

11 letownia2 the Grave Robber (level 2, -5/22 HPs)
             Began as a Deep Dwarf Necromancer on Dec 16, 2017.
             Slain by a water moccasin skeleton (7 damage)
             ... on level 4 of the Dungeon.
             The game lasted 00:01:14 (663 turns).

letownia2 the Grave Robber (Deep Dwarf Necromancer)  Turns: 663, Time: 00:01:16

Health: -5/22      AC:  0    Str: 11    XL:     2   Next: 17%
Magic:  5/5        EV: 12    Int: 15    God:
Gold:   83         SH:  0    Dex: 13    Spells: 4/5 levels left

rFire    . . .     SeeInvis .   (no weapon)
rCold    . . .     Gourm    .   (no shield)
rNeg     . . .     Faith    .   a - +0 robe
rPois    .         Spirit   .   (no helmet)
rElec    .         Reflect  .   (no cloak)
rCorr    .         Harm     .   (no gloves)
MR       .....                  (no boots)
Stlth    ++........             (no amulet)
Regen    0.0/turn               j - -2 ring of protection (curse)
MPRegen  0.1/turn               (no ring)

@: non-regenerating
A: damage resistance, heal wounds, sense surroundings 1, no regeneration
a: Heal Wounds


You were on level 4 of the Dungeon.
You were not hungry.

You visited 1 branch of the dungeon, and saw 5 of its levels.

You collected 83 gold pieces.

Inventory:

Missiles
 e - 12 bolts
Armour
 a - a +0 robe (worn)
Jewellery
 j - a cursed -2 ring of protection (left hand)
Scrolls
 f - 2 scrolls of identify {unknown}
Potions
 d - a potion of resistance {unknown}
 g - a potion of heal wounds {unknown}
 i - a potion of mutation {unknown}
Books
 b - a book of Necromancy

   Spells                             Type                      Level
   a - Pain                           Necromancy                   1
   b - Animate Skeleton               Necromancy                   1
   c - Vampiric Draining              Necromancy                   3
   d - Regeneration                   Charms/Necromancy            3
   e - Animate Dead                   Necromancy                   4
   f - Control Undead                 Necromancy                   4
Comestibles
 c - 2 bread rations
 h - 2 royal jellies


   Skills:
 - Level 2.1 Dodging
 - Level 2.4 Stealth
 - Level 2.0 Spellcasting
 + Level 4.8 Necromancy


You had 4 spell levels left.
You knew the following spells:

 Your Spells              Type           Power        Failure   Level  Hunger
a - Pain                  Necr           ###.         3%          1    #......


Dungeon Overview and Level Annotations

Branches:
Dungeon (5/15)
 Temple: D:4-7

Altars:

Annotations:
D:3 Sigmund


Innate Abilities, Weirdness & Mutations

You are resistant to damage.
You can heal yourself by infusing magical energy.
You passively map a small area around you.
You do not regenerate.


Message History

A water moccasin skeleton is nearby!
The water moccasin skeleton bites you.
The water moccasin skeleton completely misses you.
The water moccasin skeleton bites you.
Wield which item (- for none, * to show all)? (? for menu, Esc to quit)
Okay, then.
You hit the water moccasin skeleton.
The water moccasin skeleton is lightly damaged.
The water moccasin skeleton bites you.
You barely miss the water moccasin skeleton.
The water moccasin skeleton is lightly damaged.
The water moccasin skeleton bites you! The water moccasin skeleton bites you.
You barely miss the water moccasin skeleton.
The water moccasin skeleton is lightly damaged.
The water moccasin skeleton bites you!
* * * LOW HITPOINT WARNING * * *
You hit the water moccasin skeleton but do no damage.
The water moccasin skeleton is lightly damaged.
The water moccasin skeleton bites you!
You die...

#. ##. #.. ########..
#......... ##.#####)..
#...## ##.#
############...># #.#
##...Z@...##.....# #..
#♣≈≈≈♣♣♣♣P....###.# #.. **
♣♣♣≈♣≈≈♣P♣≈♣♣≈≈≈# #.# #..
≈ ♣≈≈≈≈≈≈≈≈≈≈≈≈≈P≈♣ #.#
#.. ≈
♣P≈P≈≈≈≈≈≈≈≈≈≈≈≈P≈≈♣♣.#
#..
♣≈≈≈♣≈≈♣≈≈≈≈≈≈≈≈≈PP≈≈≈≈≈≈*
#.. *≈≈≈≈
≈PP≈≈≈≈≈≈≈≈≈≈≈≈≈P≈P≈≈
♣≈P*≈≈P≈≈≈≈≈≈≈≈≈≈≈≈≈≈≈♣≈≈≈
P≈
≈P≈≈≈≈≈≈≈≈≈≈≈≈≈≈≈≈≈≈PP≈≈


You could see a water moccasin skeleton.

Vanquished Creatures
  A leopard gecko (D:3)
  A ball python (D:4)
  3 bats
  A giant cockroach (D:1)
  A hobgoblin (D:3)
  2 kobolds
  A rat (D:3)
10 creatures vanquished.

Notes
Turn   | Place    | Note
-------+----------+-------------------------------------------
     0 | D:1      | letownia2 the Deep Dwarf Necromancer began the quest for the Orb.
     0 | D:1      | Reached XP level 1. HP: 15/15 MP: 3/3
   438 | D:3      | Noticed Sigmund
   452 | D:3      | Reached XP level 2. HP: 22/22 MP: 0/5
   633 | D:5      | Entered Level 5 of the Dungeon
   663 | D:4      | Slain by a water moccasin skeleton

Skill      XL: |  1 |
---------------+----+-----
Spellcasting   | 2 |  2.0
Dodging        | |  2.1
Stealth        | |  2.4
Necromancy     | |  4.8

Action                   || total
-------------------------++-------
Melee: Unarmed           ||     4
 Cast: Pain              ||    17
Dodge: Dodged            ||     4
